 Dungeon Crawl Stone Soup version 0.22.1-2-g9c5b331383 (webtiles) character file.

6602 Knorr the Blocker (level 10, -4/88 HPs)
             Began as a Minotaur Fighter on Dec 30, 2018.
             Was a Believer of Trog.
             Killed from afar by a deep elf mage (15 damage)
             ... with a bolt of lightning
             ... on level 1 of the Elven Halls.
             The game lasted 00:54:44 (10604 turns).

Knorr the Blocker (Minotaur Fighter)               Turns: 10604, Time: 00:54:44

Health: -4/88      AC: 13    Str: 24    XL:     10   Next: 71%
Magic:  9/9        EV:  6    Int:  5    God:    Trog [**....]
Gold:   493        SH: 18    Dex: 10    Spells: 9/9 levels left

rFire    . . .     SeeInvis .   w - +7 Screaming Sword
rCold    . . .     Gourm    .   B - +0 large shield
rNeg     . . .     Faith    .   u - +0 chain mail
rPois    .         Spirit   .   (helmet restricted)
rElec    .         Reflect  .   (no cloak)
rCorr    .         Harm     .   (no gloves)
MR       ++...                  s - +1 pair of boots
Stlth    ..........             (no amulet)
HPRegen  1.24/turn              (no ring)
MPRegen  0.11/turn              (no ring)

@: lethally poisoned (-4 -> -4), about to teleport, berserk cooldown,
regenerating, slowed, very slow
A: retaliatory headbutt, horns 2
a: Berserk, Trog's Hand, Renounce Religion


You were on level 1 of the Elven Halls.
You worshipped Trog.
Trog was pleased with you.
You were hungry.

You visited 4 branches of the dungeon, and saw 14 of its levels.

You collected 493 gold pieces.

Inventory:

Hand Weapons
 a - a +0 war axe
 w - the +7 Screaming Sword (weapon)
   (You found it on level 5 of the Dungeon)
Missiles
 p - 73 bolts
 x - 132 arrows
 C - 36 sling bullets
Armour
 s - a +1 pair of boots (worn)
 u - a +0 chain mail (worn)
 B - a +0 large shield (worn)
Jewellery
 E - an uncursed ring of positive energy {unknown}
Wands
 o - a wand of digging (12)
Scrolls
 b - 3 scrolls of identify
 c - a scroll of amnesia {unknown}
 e - a scroll of enchant armour {unknown}
 r - 3 scrolls of remove curse
 t - a scroll of enchant weapon {unknown}
 v - 2 scrolls of blinking {unknown}
 y - a scroll of holy word {unknown}
 z - a scroll of fog {unknown}
 A - 3 scrolls of noise {unknown}
Potions
 g - 2 potions of flight {unknown}
 h - a potion of berserk rage {unknown}
 i - 2 potions of cancellation {unknown}
 j - a potion of mutation {unknown}
 k - 2 potions of curing
 m - a potion of lignification {unknown}
 n - a potion of heal wounds {unknown}
 q - 3 potions of brilliance {unknown}
 D - a potion of haste {unknown}
Comestibles
 f - 10 rations


   Skills:
 + Level 8.1 Fighting
 + Level 10.3 Long Blades
 + Level 6.3 Axes
 + Level 9.2 Armour
 + Level 2.1 Dodging
 + Level 1.2 Stealth
 + Level 10.9 Shields


You had 9 spell levels left.
You didn't know any spells.
Your spell library contained the following spells:

 Spells                   Type           Power        Failure   Level  Hunger
 Magic Dart               Conj           #...         100%        1    ##.....
 Blink                    Tloc           N/A          100%        2    ###....
 Call Imp                 Summ           #.......     100%        2    ###....
 Slow                     Hex            #.......     100%        2    ###....
 Conjure Flame            Conj/Fire      #.......     100%        3    ####...
 Mephitic Cloud           Conj/Pois/Air  #.......     100%        3    ####...


Dungeon Overview and Level Annotations

Branches:
Dungeon (10/15)            Temple (1/1) D:7            Lair (0/6) D:8
    Orc (2/2) D:10            Elf (1/3) Orc:2

Altars:
Ashenzari
Dithmenos
Elyvilon
Hepliaklqana
Nemelex Xobeh
Okawaru
Qazlal
Ru
Sif Muna
Trog
Uskayaw
Vehumet
Yredelemnul
Zin
The Shining One

Shops:
D:8 %


Innate Abilities, Weirdness & Mutations

You reflexively headbutt those who attack you in melee.
You have a pair of horns on your head.


Message History

The battlesphere, the deep elf magi and something are hurt by the noise.
You hear a shout!
The deep elf mage gestures at you while chanting.
The bolt of magma hits you!
* * * LOW HITPOINT WARNING * * *
The deep elf mage mumbles some strange words.
The deep elf mage blinks!
The deep elf mage hits you but does no damage.
You are poisoned.
The deep elf mage casts a spell.
The deep elf mage blinks!
The Screaming Sword happily shouts, "Violence is virtue, silence is sin."
The battlesphere, the deep elf magi and something are hurt by the noise.
You feel sick.
You hear a shout!
The deep elf mage casts a spell.
The deep elf mage blinks!
The deep elf mage points at you and mumbles some strange words.
The bolt of lightning hits you!
You die...

.... .....
.s''# #+#'#'#
# #.#s#.# .#
############.#
#............#
#....@.)e...#
#)<....ee...#
#.)....))...#
#...*ee......#
############.#
#e#.#E# #
#'#+#E# .. #..
#..


You could see 6 deep elf magi, a fire elemental, 2 tarantellas and a
battlesphere.

Vanquished Creatures
  2 dancing weapons (Elf:1)
  2 deep elf magi (Elf:1)
  The ghost of Skull the Firebug, a novice GrFE of Sif Muna (D:7)
  A queen bee (D:8)
  A hungry ghost (D:8)
  Grum (D:8)
  A warg (Orc:1)
  3 orc warriors
  2 sky beasts
  A black bear (D:8)
  5 ice beasts
  An ogre (D:6)
  A phantom (D:5)
  2 wolves (D:8)
  6 centaurs
  A crocodile (D:9)
  A bullfrog (D:10)
  A gnoll sergeant (D:8)
  A scorpion (D:4)
  16 killer bees
  3 wights (D:7)
  A howler monkey (D:5)
  2 crimson imps
  4 hounds
  A jelly (D:7)
  A bullfrog zombie (D:7)
  An orc priest (D:8)
  3 orc wizards
  2 iguanas
  4 worker ants
  A worker ant zombie (D:6)
  9 gnolls
  5 adders
  2 oozes (D:3)
  An adder zombie (D:7)
  2 worms
  A dart slug (D:1)
  3 leopard geckos
  22 orcs
  4 giant cockroaches
  5 goblins
  6 hobgoblins
  7 jackals
  2 ball pythons
  8 bats
  4 frilled lizards
  10 kobolds
  A leopard gecko skeleton (D:5)
  A quokka skeleton (D:4)
  A quokka zombie (D:8)
  6 rats
  6 bushes (D:7)
179 creatures vanquished.

Notes
Turn   | Place    | Note
-------+----------+-------------------------------------------
     0 | D:1      | Knorr the Minotaur Fighter began the quest for the Orb.
     0 | D:1      | Reached XP level 1. HP: 19/19 MP: 0/0
    73 | D:1      | Reached XP level 2. HP: 26/27 MP: 1/1
   703 | D:2      | Reached XP level 3. HP: 30/33 MP: 2/2
   767 | D:2      | Found a basalt altar of Yredelemnul.
  1583 | D:3      | Reached XP level 4. HP: 31/40 MP: 3/3
  2548 | D:4      | Reached XP level 5. HP: 45/46 MP: 4/4
  2694 | D:4      | Noticed an ice beast
  2704 | D:4      | Reached skill level 5 in Shields
  2711 | D:4      | Killed an ice beast
  2715 | D:4      | Reached skill level 5 in Axes
  2715 | D:4      | Reached XP level 6. HP: 32/53 MP: 5/5
  3344 | D:5      | Entered Level 5 of the Dungeon
  3369 | D:5      | Reached skill level 5 in Armour
  3485 | D:5      | Reached skill level 1 in Stealth
  3485 | D:5      | Reached XP level 7. HP: 23/60 MP: 6/6
  3893 | D:5      | Found the +7 Singing Sword
  4936 | D:6      | Reached skill level 1 in Long Blades
  5285 | D:6      | Found a sparkling altar of Nemelex Xobeh.
  5287 | D:6      | Found a hazy altar of Hepliaklqana.
  5300 | D:6      | Reached skill level 5 in Fighting
  5300 | D:6      | Reached skill level 1 in Dodging
  5342 | D:6      | Reached XP level 8. HP: 59/68 MP: 7/7
  5651 | D:7      | Found a staircase to the Ecumenical Temple.
  5666 | Temple   | Entered the Ecumenical Temple
  5680 | Temple   | Became a worshipper of Trog the Wrathful
  5852 | D:7      | Found a white marble altar of Elyvilon.
  6691 | D:7      | Found a runed gate.
  6691 | D:7      | Noticed Skull's ghost (novice GrFE)
  6693 | D:7      | Found a runed gate.
  6694 | D:7      | Found a runed gate.
  6711 | D:7      | Killed Skull's ghost
  6711 | D:7      | Reached skill level 5 in Long Blades
  7616 | D:8      | Found Navieraw's Food Emporium.
  7620 | D:8      | Reached XP level 9. HP: 66/74 MP: 8/8
  8445 | D:7      | Reached * piety under Trog
  8696 | D:8      | Found a staircase to the Lair.
  8810 | D:8      | Noticed a queen bee
  8816 | D:8      | Killed a queen bee
  8885 | D:8      | Noticed Grum
  8896 | D:8      | Killed Grum
  9623 | D:9      | Reached XP level 10. HP: 86/86 MP: 9/9
  9642 | D:9      | Reached skill level 10 in Shields
  9991 | D:10     | Entered Level 10 of the Dungeon
  9991 | D:10     | Found a staircase to the Orcish Mines.
  9999 | D:10     | Reached ** piety under Trog
 10004 | Orc:1    | Entered Level 1 of the Orcish Mines
 10574 | Orc:2    | Entered Level 2 of the Orcish Mines
 10574 | Orc:2    | Found a staircase to the Elven Halls.
 10574 | Orc:2    | Noticed an orc high priest
 10575 | Orc:2    | Noticed an orc knight
 10576 | Orc:2    | Noticed an orc knight
 10577 | Orc:2    | Noticed an orc high priest
 10578 | Elf:1    | Entered Level 1 of the Elven Halls
 10578 | Elf:1    | Noticed a deep elf mage
 10578 | Elf:1    | Noticed a deep elf mage
 10583 | Elf:1    | Killed a deep elf mage
 10586 | Elf:1    | Noticed a deep elf mage
 10586 | Elf:1    | Noticed a scimitar of holy wrath
 10587 | Elf:1    | Noticed a deep elf mage
 10588 | Elf:1    | Noticed a deep elf mage
 10589 | Elf:1    | Noticed a deep elf mage
 10594 | Elf:1    | Killed a scimitar of holy wrath
 10594 | Elf:1    | Noticed a hand axe of freezing
 10596 | Elf:1    | Noticed a deep elf knight
 10597 | Elf:1    | Killed a deep elf mage
 10597 | Elf:1    | Reached skill level 10 in Long Blades
 10597 | Elf:1    | Noticed a deep elf mage
 10599 | Elf:1    | Noticed a deep elf mage
 10600 | Elf:1    | Killed a hand axe of freezing
 10600 | Elf:1    | Noticed a deep elf mage
 10604 | Elf:1    | Killed from afar by a deep elf mage

Skill      XL: |  1  2  3  4  5  6  7  8  9 10 |
---------------+-------------------------------+-----
Shields        | 4 5 6 7 9 10 | 10.9
Fighting       | 4 5 7 8 |  8.1
Axes           | 3 4 5 6 |  6.3
Armour         | 4 5 6 7 8 9 |  9.2
Stealth        | 1 |  1.2
Long Blades    | 2 6 8 10 | 10.3
Dodging        | 1 2 |  2.1

Action                   |  1- 3 |  4- 6 |  7- 9 | 10-12 || total
-------------------------+-------+-------+-------+-------++-------
Melee: War axe           |    93 |   109 |     5 |       ||   207
       Headbutt          |     8 |    16 |    63 |     7 ||    94
       Double sword      |       |       |   249 |    54 ||   303
Invok: Berserk           |       |       |     3 |     2 ||     5
       Trog's Hand       |       |       |       |     1 ||     1
  Use: Scroll            |     4 |       |       |     3 ||     7
       Potion            |       |       |     3 |       ||     3
  Eat: Chunk             |     2 |     4 |     1 |       ||     7
       Ration            |       |     1 |     7 |     1 ||     9
Armor: Scale mail        |    79 |     7 |       |       ||    86
       Chain mail        |       |    57 |   149 |    26 ||   232
Dodge: Dodged            |    46 |    35 |    67 |    19 ||   167
Block: Shield            |    74 |    61 |    12 |       ||   147
       Large shield      |       |       |   270 |    89 ||   359
       Rpst.: Double sword |       |       |    25 |     3 ||    28
